AoeStats
← eu bata6625

Arabia

510115303Analyzed
3v3 RM · 4d ago on Sep 29, 2026· 76m 6s· 6 players
Game mode
Random Map
Map size
Normal (6 player)
Population
200
Speed
Normal
Resources
Standard
Victory
Conquest
Starting age
Dark Age
Ending age
Imperial Age
RankedLock teamsTeams togetherTeam positionsShared explorationLock speedFull tech treeHidden civsTurbo modeCheats
Victory
Defeat
🇩🇪 Slavs · Germany
990
+13
🇪🇸 Jurchens · Spain
984
+13
🇩🇪 Maya · Germany
914
+15
🇦🇷 Ethiopians · Argentina
954
-15
🇦🇷 Malians · Argentina
926
-14
🇦🇷 Huns · Argentina
863
-12
MehmetTs61
12:20 Feudal Age
14:00 Double-Bit Axe
14:12 Horse Collar
23:22 Castle Age
22:08 Stone Mining
22:09 Gold Mining
26:02 Stone Shaft Mining
29:52 Imperial Age
27:42 Bow Saw
27:34 Heavy Plow
27:31 Elite Skirmisher
30:17 Thumb Ring
34:10 Two-Man Saw
37:32 Chemistry
44:22 Forging
44:12 Scale Mail Armor
44:13 Padded Archer Armor
44:03 Fletching
45:14 Ballistics
46:03 Chain Mail Armor
46:24 Iron Casting
46:24 Hul'che Javelineers
47:14 Bodkin Arrow
47:35 Leather Archer Armor
47:51 Plate Mail Armor
48:51 Wheelbarrow
48:02 Loom
48:08 Town Watch
50:01 Blast Furnace
49:31 Ring Archer Armor
49:02 Bracer
51:39 Conscription
51:54 Hand Cart
51:40 Town Patrol
52:19 Capped Ram
53:09 Siege Ram
58:43 Pikeman
59:25 Squires
59:10 Arson
59:36 Halberdier
66:40 Eagle Warrior
67:57 Holcans
68:51 Elite Eagle Warrior
71:29 Elite Plumed Archer
psycomp3
10:13 Feudal Age
12:13 Double-Bit Axe
17:36 Castle Age
16:28 Horse Collar
17:08 Gold Mining
17:28 Stone Mining
20:42 Wheelbarrow
20:24 Bow Saw
26:31 Forging
28:52 Hand Cart
33:39 Loom
33:42 Town Watch
38:10 Imperial Age
39:31 Iron Casting
39:18 Conscription
39:43 Fortified Bastions
40:56 Hoardings
41:56 Siege Engineers
43:12 Masonry
44:31 Blast Furnace
45:16 Gold Shaft Mining
44:53 Heavy Plow
45:33 Heavy Rocket Cart
48:01 Chemistry
46:59 Fletching
47:51 Treadmill Crane
50:35 Fortified Wall
50:59 Architecture
50:55 Thunderclap Bombs
53:42 Scale Barding Armor
53:45 Elite Iron Pagoda
67:29 Squires
67:16 Pikeman
68:03 Arson
68:07 Gambesons
69:29 Scale Mail Armor
68:52 Halberdier
72:01 Chain Mail Armor
wauz.04
4:21 Loom
7:20 Loom
9:47 Feudal Age
10:37 Double-Bit Axe
15:57 Wheelbarrow
20:31 Castle Age
20:31 Horse Collar
22:27 Bow Saw
22:44 Heavy Plow
22:41 Gold Mining
22:47 Fletching
23:50 Bodkin Arrow
24:54 Stone Mining
25:54 Sanctity
26:00 Bloodlines
27:29 Husbandry
29:13 Scale Barding Armor
30:12 Hand Cart
29:50 Town Watch
31:21 Chain Barding Armor
31:15 Forging
36:01 Imperial Age
36:10 Heavy Scorpion
37:14 Ballistics
37:55 Chemistry
37:35 Plate Barding Armor
39:28 Iron Casting
38:35 Elite Boyar
39:37 Conscription
42:47 Two-Man Saw
51:57 Capped Ram
52:20 Pikeman
53:01 Squires
54:22 Halberdier
bebbeeee
7:58 Loom
10:26 Feudal Age
15:48 Double-Bit Axe
21:03 Castle Age
19:05 Horse Collar
21:47 Wheelbarrow
21:23 Gold Mining
22:14 Bow Saw
24:36 Heavy Plow
25:32 Hand Cart
34:06 Imperial Age
32:37 Gold Shaft Mining
32:30 Stone Mining
33:02 Town Watch
32:58 Crossbowman
33:35 Fletching
33:45 Padded Archer Armor
34:49 Bodkin Arrow
35:13 Thumb Ring
36:06 Scale Mail Armor
37:14 Arbalester
38:20 Forging
38:04 Halberdier
39:36 Leather Archer Armor
39:24 Bracer
41:06 Ballistics
41:47 Chemistry
40:43 Murder Holes
41:29 Stone Shaft Mining
41:13 Leather Archer Armor
41:48 Iron Casting
47:59 Light Cavalry
48:40 Husbandry
50:58 Two-Man Saw
51:01 Blast Furnace
50:17 Chain Mail Armor
50:33 Ring Archer Armor
50:10 Scale Barding Armor
50:33 Hussar
52:28 Heavy Camel Rider
72:32 Plate Mail Armor
72:22 Chain Barding Armor
Djsanty8183
3:15 Loom
11:41 Feudal Age
17:48 Town Watch
19:39 Horse Collar
22:55 Castle Age
21:10 Double-Bit Axe
22:19 Scale Barding Armor
24:24 Wheelbarrow
24:16 Fletching
25:32 Bodkin Arrow
25:57 Heavy Plow
26:38 Bow Saw
28:15 Gold Mining
29:54 Gold Shaft Mining
31:54 Stone Mining
32:41 Husbandry
33:04 Chain Barding Armor
32:46 Padded Archer Armor
37:44 Forging
38:36 Bloodlines
39:45 Iron Casting
43:47 Imperial Age
41:46 Squires
43:15 Pikeman
43:59 Scale Mail Armor
49:52 Cavalier
55:54 Hand Cart
56:52 Paladin
59:11 Marauders
59:26 Elite Tarkan
63:36 Halberdier
64:39 Bracer
66:33 Ballistics
71:54 Blast Furnace
72:13 Plate Barding Armor
eu bata6625
7:47 Loom
11:08 Feudal Age
11:36 Double-Bit Axe
21:13 Castle Age
20:18 Man-at-Arms
22:04 Fletching
22:09 Long Swordsman
25:46 Horse Collar
32:36 Gold Mining
38:10 Imperial Age
49:45 Bow Saw
51:04 Bodkin Arrow
51:11 Padded Archer Armor
54:13 Heavy Camel Rider
55:09 Bloodlines
56:13 Scale Barding Armor
56:19 Forging
56:15 Light Cavalry
58:21 Husbandry
65:18 Wheelbarrow
73:42 Light Cavalry
Connection lost

Rejoining the realm…

Still unreachable

The connection could not be restored.

Session expired

The server has moved on; the page needs a fresh start.